 Dungeon Crawl Stone Soup version 0.17-a0-737-gf0a300a (webtiles) character file.

7989 Ngotmuk the Blocker (level 11, -4/100 HPs)
             Began as a Deep Dwarf Fighter on Apr 26, 2015.
             Slain by a hill giant
             ... wielding a +0 giant spiked club
              (16 damage)
             ... on level 13 of the Dungeon.
             The game lasted 00:30:18 (8374 turns).

Ngotmuk the Blocker (Deep Dwarf Fighter)            Turns: 8374, Time: 00:30:18

Health: -4/100     AC: 11    Str: 27    XL:     11   Next: 4%
Magic:  7/7        EV: 11    Int: 10    God:
Gold:   501        SH: 18    Dex: 12    Spells: 0 memorised, 10 levels left

rFire  . . .     SeeInvis .     a - +0 war axe
rCold  . . .     Clarity  .     q - +2 scale mail {rPois}
rNeg   . . .     SustAb   .     z - +0 large shield
rPois  +         Gourm    .     m - +0 helmet (curse)
rElec  .         Spirit   .     (no cloak)
rCorr  .         Warding  .     (no gloves)
rMut   .         Stasis   .     (no boots)
MR     +....                    (no amulet)
Stlth  +.........               x - ring of stealth
                                n - +5 ring of strength

@: non-regenerating, somewhat resistant to hostile enchantments, very unstealthy
A: damage resistance, recharge devices, sense surroundings 2, slow healing 3
a: Device Recharging


You were on level 13 of the Dungeon.
You were not hungry.

You visited 2 branches of the dungeon, and saw 12 of its levels.

You collected 501 gold pieces.

Inventory:

Hand weapons
 a - a +0 war axe (weapon)
Armour
 m - a cursed +0 helmet (worn)
 q - a +2 scale mail of poison resistance (worn)
 z - a +0 large shield (worn)
Jewellery
 n - a +5 ring of strength (left hand)
 x - a ring of stealth (right hand)
Magical devices
 e - a wand of heal wounds (4)
 v - a wand of cold (0)
 C - a wand of disintegration (5)
 O - a wand of frost (39)
Scrolls
 g - 4 scrolls of enchant armour
 h - a scroll of magic mapping
 j - 6 scrolls of remove curse
 o - 3 scrolls of identify
 s - 2 scrolls of immolation
 t - a scroll of amnesia
 u - 2 scrolls of noise
 w - a scroll of enchant weapon
 y - 4 scrolls of teleportation
 B - a scroll of blinking
 J - a scroll of fear
Potions
 b - 2 potions of curing {unknown}
 c - 2 potions of degeneration {unknown}
 d - 3 potions of might
 i - 2 potions of brilliance {unknown}
 k - a potion of mutation {unknown}
 l - a potion of resistance {unknown}
 p - 2 potions of ambrosia {unknown}
 r - 2 potions of restore abilities {unknown}
 A - a potion of berserk rage {unknown}
 E - 2 potions of haste {unknown}
 H - 2 potions of heal wounds {unknown}
 K - a potion of cancellation {unknown}
 L - 3 potions of invisibility {unknown}
 M - a potion of lignification {unknown}
 N - a potion of magic {unknown}
Comestibles
 f - 5 bread rations
 D - 4 meat rations
 F - 14 fruits
 G - a slice of pizza


   Skills:
 + Level 7.2 Fighting
 + Level 8.3 Axes
 + Level 9.0 Armour
 + Level 7.7 Dodging
 * Level 10.2 Shields


You had 10 spell levels left.
You didn't know any spells.

Dungeon Overview and Level Annotations

Branches:
Dungeon (13/15)               Orc (1/4) D:9
 Temple: D:4-7         Lair: D:8-11      Vaults: D:13-14

Altars:
Elyvilon
Fedhas
Kikubaaqudgha
Makhleb
Sif Muna
Yredelemnul
Zin


Innate Abilities, Weirdness & Mutations

You are resistant to damage.
You can recharge devices by infusing magical energy.
You passively map the area around you.
You do not heal naturally.


Message History

The hill giant is lightly wounded.
You block the hill giant's attack.
You barely miss the hill giant.
The hill giant is lightly wounded.
The hill giant hits you with a giant spiked club!!
* * * LOW HITPOINT WARNING * * *
You hit the hill giant.
The hill giant is lightly wounded.
The hill giant hits you with a giant spiked club!!
* * * LOW HITPOINT WARNING * * *
You hit the hill giant but do no damage.
The hill giant is lightly wounded.
You block the hill giant's attack.
You hit the hill giant.
The hill giant is lightly wounded.
The hill giant barely misses you.
You barely miss the hill giant.
The hill giant is lightly wounded.
The hill giant hits you with a giant spiked club!!
You die...

* .## *# #..# *
**..## #..## .....#
##...#
,......####....# ,
..............# ,
...............# *
#......C@.....# *
##............## *
##............## #.*
##............##
##.#*
##............###..#
#................#
#................#
#.>.............##
###................#


You could see a hill giant.

Vanquished Creatures
  Harold (Orc:1)
  A hydra (D:9)
  A hill giant (D:10)
  Psyche (D:9)
  A troll (D:9)
  A deep elf mage (D:9)
  2 yaks (D:9)
  A steam dragon (D:13)
  Menkaure (D:5)
  A hungry ghost (D:5)
  A water moccasin (D:9)
  6 orc warriors
  3 ogres
  3 ice beasts
  2 sky beasts
  3 phantoms
  A necrophage (D:7)
  5 centaurs
  3 giant frogs
  12 big kobolds
  The ghost of hornqvist the Covert, an average SpAs (D:3)
  A wyvern zombie (D:7)
  A scorpion (D:6)
  A quasit (D:9)
  An electric eel (D:6)
  4 wights (D:8)
  A crimson imp (D:6)
  3 iguanas
  2 hounds
  4 jellies
  5 orc priests
  2 giant frog skeletons
  7 orc wizards
  4 worker ants
  2 sheep (D:9)
  A hound skeleton (D:8)
  12 adders
  4 gnolls (D:3)
  An ooze (D:3)
  An adder zombie (D:7)
  2 adder skeletons
  2 worms
  5 giant geckos
  49 orcs
  15 bats
  2 bat skeletons
  A bat zombie (D:7)
  7 giant cockroaches
  18 goblins
  17 hobgoblins
  5 quokkas
  3 ball pythons
  4 giant newts
  3 jackals (D:6)
  A jackal skeleton (D:7)
  A jackal zombie (D:7)
  58 kobolds
  A quokka skeleton (D:8)
  13 rats
  A spectral orc (D:5)
316 creatures vanquished.

Notes
Turn   | Place    | Note
--------------------------------------------------------------
     0 | D:1      | Ngotmuk, the Deep Dwarf Fighter, began the quest for the Orb.
     0 | D:1      | Reached XP level 1. HP: 20/20 MP: 1/1
   134 | D:1      | Reached XP level 2. HP: 27/27 MP: 2/2
   645 | D:1      | Reached XP level 3. HP: 19/33 MP: 3/3
   931 | D:2      | Found a blossoming altar of Fedhas.
   975 | D:2      | Reached skill level 1 in Dodging
  1358 | D:3      | Reached skill level 4 in Shields
  1376 | D:3      | Reached XP level 4. HP: 14/40 MP: 4/4
  1701 | D:3      | Noticed hornqvist's ghost (average SpAs)
  1728 | D:3      | Killed hornqvist's ghost
  1728 | D:3      | Reached XP level 5. HP: 39/49 MP: 5/5
  1745 | D:3      | Noticed a big kobold
  1745 | D:3      | Noticed a big kobold
  1759 | D:3      | Killed a big kobold
  1764 | D:3      | Killed a big kobold
  1764 | D:3      | Reached XP level 6. HP: 35/56 MP: 6/6
  1796 | D:3      | Noticed a big kobold
  1819 | D:3      | Killed a big kobold
  1840 | D:3      | Noticed a big kobold
  1856 | D:3      | Killed a big kobold
  1856 | D:3      | Reached skill level 5 in Shields
  1864 | D:3      | Noticed a big kobold
  1864 | D:3      | Noticed a big kobold
  1914 | D:3      | Killed a big kobold
  1914 | D:3      | Reached XP level 7. HP: 19/63 MP: 7/7
  1915 | D:3      | Reached skill level 5 in Armour
  1921 | D:3      | HP: 2/63 [gnoll/halberd (7)]
  1948 | D:3      | Killed a big kobold
  2073 | D:3      | Noticed a big kobold
  2086 | D:3      | Killed a big kobold
  2139 | D:3      | Noticed a big kobold
  2146 | D:3      | Killed a big kobold
  2417 | D:3      | Found a burning altar of Makhleb.
  3599 | D:5      | Entered Level 5 of the Dungeon
  3660 | D:5      | Reached XP level 8. HP: 39/73 MP: 8/8
  3664 | D:5      | Reached skill level 5 in Axes
  3798 | D:5      | Reached skill level 6 in Shields
  3828 | D:5      | Identified Sif Muna's Catalogue of Entrancing Dark Magic (You found it on level 5 of the Dungeon)
  4006 | D:5      | Reached skill level 5 in Fighting
  4035 | D:5      | Found a basalt altar of Yredelemnul.
  4035 | D:5      | Noticed Menkaure
  4048 | D:5      | Killed Menkaure
  4048 | D:5      | Reached skill level 5 in Dodging
  4644 | D:6      | Gained mutation: You passively map the area around you. [Deep Dwarf growth]
  4644 | D:6      | Reached XP level 9. HP: 31/81 MP: 8/8
  4959 | D:7      | Reached skill level 7 in Armour
  5795 | D:9      | Noticed Psyche
  5808 | D:9      | Killed Psyche
  5887 | D:9      | Reached skill level 8 in Shields
  5970 | D:9      | Noticed a two-headed hydra
  6024 | D:9      | Found a white marble altar of Elyvilon.
  6056 | D:9      | Killed a one-headed hydra
  6056 | D:9      | Reached XP level 10. HP: 30/92 MP: 8/8
  6136 | D:9      | Found a staircase to the Orcish Mines.
  6171 | D:9      | Reached skill level 9 in Shields
  6324 | Orc:1    | Entered Level 1 of the Orcish Mines
  6331 | Orc:1    | Noticed Harold
  6354 | Orc:1    | Killed Harold
  6450 | D:9      | Found a glowing silver altar of Zin.
  6451 | D:9      | Found an ancient bone altar of Kikubaaqudgha.
  6451 | D:9      | Found a blossoming altar of Fedhas.
  7474 | D:9      | Found a deep blue altar of Sif Muna.
  7985 | D:9      | Reached skill level 10 in Shields
  8238 | D:10     | Entered Level 10 of the Dungeon
  8293 | D:10     | Noticed a hill giant
  8310 | D:10     | Killed a hill giant
  8310 | D:10     | Reached XP level 11. HP: 58/100 MP: 7/7
  8318 | D:10     | You fall through a shaft for 3 floors!
  8365 | D:13     | Noticed a hill giant
  8374 | D:13     | Slain by a hill giant

Action                   |  1- 3 |  4- 6 |  7- 9 | 10-12 || total
-------------------------+-------+-------+-------+-------++-------
Melee: War axe           |   176 |   135 |   569 |   303 ||  1183
       Falchion          |       |       |     8 |       ||     8
 Abil: Device Recharging |       |       |     2 |     2 ||     4
Evoke: Wand              |       |     2 |    19 |    10 ||    31
  Use: Scroll            |       |       |    13 |     2 ||    15
 Stab: Paralysed         |       |       |     4 |       ||     4
  Eat: Pizza             |     1 |     1 |       |     5 ||     7
       Beef jerky        |       |     1 |       |       ||     1
       Bread ration      |       |       |     2 |       ||     2
       Meat ration       |       |       |     2 |       ||     2
